 Dungeon Crawl Stone Soup version 0.29.1-2-gbd0b4ee654 (webtiles) character file.

Game seed: 4946419173719133813

307 Goreval the Poker (level 6, -17/56 HPs)
             Began as a Hill Orc Monk on Nov 29, 2022.
             Was a Believer of Beogh.
             Demolished by an ogre
             ... wielding a +0 giant spiked club
              (29 damage)
             ... on level 4 of the Dungeon on Nov 30, 2022.
             The game lasted 00:07:34 (3698 turns).

Goreval the Poker (Hill Orc Monk)                   Turns: 3698, Time: 00:07:34

Health: -17/56     AC:  7    Str: 16    XL:     6   Next: 40%
Magic:  6/6        EV: 11    Int: 10    God:    Beogh [**....]
Gold:   201        SH:  0    Dex: 19    Spells: 5/5 levels left

rFire   . . .      SeeInvis .   m - +0 scythe
rCold   . . .      Faith    .   (shield currently unavailable)
rNeg    . . .      Spirit   .   b - +2 ring mail {Will+}
rPois   .          Reflect  .   (no helmet)
rElec   .          Harm     .   (no cloak)
rCorr   .          Rampage  .   (no gloves)
Will    +....                   (no boots)
Stlth   +.........              (no amulet)
HPRegen 0.18/turn               q - +6 ring of dexterity
MPRegen 0.10/turn               (no ring)

@: no status effects
A: no striking features
a: Renounce Religion, Smiting


You were on level 4 of the Dungeon.
You worshipped Beogh.
Beogh was pleased with you.
You visited 1 branch of the dungeon, and saw 4 of its levels.

You collected 201 gold pieces.

Inventory:

Hand Weapons
 m - a +0 scythe (weapon)
Missiles
 h - a throwing net (quivered)
 x - 6 stones
Armour
 b - a +2 ring mail of willpower (worn)
Jewellery
 q - a +6 ring of dexterity (left hand)
Scrolls
 g - 2 scrolls of butterflies {unknown}
 j - a scroll of vulnerability {unknown}
 k - 4 scrolls of teleportation {unknown}
 l - 2 scrolls of torment {unknown}
 r - a scroll of acquirement {unknown}
 s - a scroll of magic mapping {unknown}
 t - a scroll of identify {unknown}
 u - 2 scrolls of immolation {unknown}
 v - 2 scrolls of summoning {unknown}
 w - a scroll of enchant armour {unknown}
 y - a scroll of enchant weapon {unknown}
Potions
 a - a potion of degeneration {unknown}
 c - a potion of ambrosia
 d - a potion of brilliance {unknown}
 e - 2 potions of curing {unknown}
 f - a potion of haste {unknown}
 i - 2 potions of berserk rage {unknown}
 n - a potion of attraction {unknown}
 o - 2 potions of magic {unknown}
 p - a potion of lignification {unknown}


   Skills:
 + Level 5.2 Fighting
 * Level 5.9 Polearms
 + Level 3.1 Armour
 - Level 2.4 Dodging
 - Level 1.5 Stealth


You had 5 spell levels left.
You didn't know any spells.
Your spell library was empty.

Dungeon Overview and Level Annotations

Branches:
Dungeon (4/15) Zot: 20300
 Temple: D:4-7

Altars:
Cheibriados
Fedhas
Xom

Annotations:
D:3 exclusion: steam dragon


Message History

No target in view!
No target in view!
No target in view!
No target in view!
No target in view!
No target in view!
No target in view!
No target in view!
No target in view!
No target in view!
No target in view!
No target in view!
No target in view!
No target in view!
No target in view!
No target in view!
No target in view!
No target in view!
No target in view!
No target in view!
No target in view!
No target in view!
No target in view!
You start resting.
There is a stone staircase leading down here.
You climb downwards.
The ogre misses you.
There is a stone staircase leading up here.
You hit the ogre. The ogre barely misses you.
You hit the ogre but do no damage.
The ogre hits you with a +0 giant spiked club!!
Ouch! That really hurt!
The ogre attacks as you move away!
The ogre hits you with a +0 giant spiked club!
* * * LOW HITPOINT WARNING * * *
An endoplasm comes into view.
The ogre attacks as you move away! The ogre misses you.
The ogre attacks as you move away!
The ogre hits you with a +0 giant spiked club!!
Ouch! That really hurt!
You die...

##+##'##+### #...$..#.....
....#.....####........#..
..#.....##.J........?.. +#
+##'##'##'..............
#..#.....#..#.............. .....
.#..#'###'#..#..........#... .....
.#..#.....#..#..........# ## .....
.'..'.._..'..'..O.......## ......
.#..#.....#..#..#@.......###.......
#..#'###'#..#..#............##....
#..#.....#..#..<#...........##....
.'##'##'##+##+..................#..
#.....#.....#..................#..
#.....#.....#.>..<.........)......
###'##+##'###...............#.....
...........##.............##.....
#.....##...##...#...........#.....


You could see an ogre and an endoplasm (wandering).

Vanquished Creatures
  Sigmund (D:3)
  An orc wizard (D:4)
  2 adders
  A worm (D:3)
  3 dart slugs
  9 orcs
  11 endoplasms
  2 giant cockroaches
  4 goblins
  5 hobgoblins
  5 kobolds
  6 quokkas
  7 ball pythons
  4 bats
  2 frilled lizards
  4 rats
67 creatures vanquished.

Vanquished Creatures (others)
  An orc priest (D:3)
  4 orcs (D:3)
5 creatures vanquished.

Grand Total: 72 creatures vanquished

Notes
Turn   | Place    | Note
-------+----------+-------------------------------------------
     0 | D:1      | Goreval the Hill Orc Monk began the quest for the Orb.
     0 | D:1      | Reached XP level 1. HP: 19/19 MP: 1/1
   288 | D:1      | Reached XP level 2. HP: 23/27 MP: 2/2
   801 | D:1      | Reached skill level 1 in Armour
  1089 | D:1      | Reached XP level 3. HP: 23/33 MP: 3/3
  1696 | D:2      | Found a snail-covered altar of Cheibriados.
  2186 | D:2      | Reached XP level 4. HP: 38/40 MP: 4/4
  2583 | D:3      | Noticed a steam dragon
  2599 | D:4      | Noticed Sigmund
  2612 | D:3      | Killed Sigmund
  2613 | D:3      | Reached skill level 5 in Fighting
  2613 | D:3      | Reached skill level 5 in Polearms
  2613 | D:3      | Reached XP level 5. HP: 23/48 MP: 5/5
  2911 | D:3      | Reached XP level 6. HP: 53/56 MP: 6/6
  3052 | D:3      | Found a blossoming altar of Fedhas.
  3110 | D:3      | Became a worshipper of Beogh the Brigand
  3110 | D:3      | Reached * piety under Beogh
  3110 | D:3      | Reached ** piety under Beogh
  3348 | D:4      | Found a shimmering altar of Xom.
  3698 | D:4      | Demolished by an ogre

Illustrated notes

Levels and vault maps discovered:
D:1:      lightli_molten_gateway, layout_basic, minmay_misc_feat_roman,
          corexii_item_surrounded_by_moat
D:2:      minmay_inner_zag, layout_basic, basic_altar
D:3:      layout_basic, mainiacjoe_overflow_concentric_impassable,
          overflow_temple_1_default
D:4:      layout_cave_pools, mainiacjoe_overflow_24_doors, uniq_sigmund

Skill      XL: |  1  2  3  4  5  6 |
---------------+-------------------+-----
Armour         | 1 2 3 |  3.1
Fighting       | 4 5 |  5.2
Polearms       | 4 5 |  5.9
Dodging        | |  2.4
Stealth        | |  1.5

Action                   |  1- 3 |  4- 6 || total
-------------------------+-------+-------++-------
Melee: Spear             |   142 |    35 ||   177
       Punch             |     2 |     2 ||     4
       Halberd           |       |    74 ||    74
Throw: Stone             |    23 |     3 ||    26
Invok: Convert to Beogh  |       |     1 ||     1
 Stab: Sleeping          |     5 |     1 ||     6
Armor: Robe              |     8 |     2 ||    10
       Ring mail         |       |    25 ||    25
Dodge: Dodged            |    54 |    46 ||   100
